 Dungeon Crawl Stone Soup version 0.32-a0-540-g866d13106e (webtiles) character file.

Game seed: 10877003873731797548

9799 Dittersdorf the Fighter (level 11, -6/73 HPs)
             Began as a Gargoyle Fighter on Feb 28, 2024.
             Was an Initiate of Gozag.
             Mangled by a cyclops (21 damage)
             ... on level 9 of the Dungeon.
             The game lasted 00:14:57 (10633 turns).

Dittersdorf the Fighter (Gargoyle Fighter)         Turns: 10633, Time: 00:14:58

Health: -6/73      AC: 23    Str: 25    XL:     11   Next: 52%
Magic:  0/11       EV: 15    Int:  8    God:    Gozag
Gold:   1059       SH:  6    Dex:  9    Spells: 10/10 levels left

rFire   . . .        D - +2 flail (drain)
rCold   + . .        c - +0 buckler
rNeg    + . .        r - +1 scale mail {rC+}
rPois   ∞            s - +0 helmet
rElec   +            h - +0 cloak
rCorr   .            e - +0 pair of gloves
SInv    .            u - +0 pair of boots
Will    .....        m - amulet of guardian spirit Stlth
                     i - +5 ring of evasion
HPRegen 0.32/turn    a - ring of flight
MPRegen 0.12/turn

%: guardian spirit
@: gold aura, flying
A: sickness immunity, AC +8, negative energy resistance 1, electricity
resistance, torment resistance 1, petrification resistance
a: Renounce Religion, Potion Petition, Call Merchant, Bribe Branch


You were on level 9 of the Dungeon.
You worshipped Gozag.
Gozag was most pleased with you.
You visited 2 branches of the dungeon, and saw 10 of its levels.
You also visited: Sewer.

You collected 1210 gold pieces.
You paid 151 gold pieces to Gozag.

Inventory:

Hand Weapons
 y - a +0 morningstar
 D - a +2 flail of draining (weapon)
Armour
 c - a +0 buckler (worn)
 e - a +0 pair of gloves (worn)
 h - a +0 cloak (worn)
 r - a +1 scale mail of cold resistance (worn)
 s - a +0 helmet (worn)
 u - a +0 pair of boots (worn)
Jewellery
 a - a ring of flight (right hand)
 i - a +5 ring of evasion (left hand)
 m - an amulet of guardian spirit (around neck)
 B - a ring of fire
Wands
 n - a wand of digging (1)
 o - a wand of flame (51)
Scrolls
 b - a scroll of enchant armour
 k - 3 scrolls of blinking
 l - 7 scrolls of teleportation
 t - a scroll of fog
 v - a scroll of revelation
 w - a scroll of enchant weapon
 C - 3 scrolls of identify
Potions
 d - a potion of might
 f - 2 potions of heal wounds
 g - 3 potions of berserk rage
 j - 2 potions of curing
 p - 2 potions of mutation
 q - a potion of cancellation
 x - 3 potions of ambrosia
 z - a potion of brilliance


   Skills:
 + Level 10.4 Fighting
 + Level 9.2 Maces & Flails
 + Level 10.3 Armour
 + Level 10.3 Shields


You had 10 spell levels left.
You didn't know any spells.
Your spell library contained the following spells:

 Spells                   Type           Power      Damage    Failure   Level
 Call Imp                 Summ           0%         N/A       83%         2
 Call Canine Familiar     Summ           0%         N/A       96%         3
 Sigil of Binding         Hex            0%         N/A       96%         3
 Volatile Blastmotes      Fire/Tloc      0%         2d10      96%         3
 Dimensional Bullseye     Hex/Tloc       0%         N/A       100%        4
 Fulminant Prism          Conj/Alch      0%         3d5       100%        4
 Iskenderun's Mystic Bla  Conj/Tloc      0%         2d3       100%        4
 Leda's Liquefaction      Alch/Erth      0%         N/A       100%        4
 Lee's Rapid Deconstruct  Erth           0%         3d4*      100%        5
 Bombard                  Conj/Erth      0%         9d1       100%        6
 Summon Hydra             Summ           0%         N/A       100%        7
 Sublimation of Blood     Necr           Unusable   N/A       N/A         2

Dungeon Overview and Level Annotations

Branches:
Dungeon (9/15)             Temple (1/1) D:7            Lair (0/5) D:9
    Orc (0/2) D:9           Sewer (visited)

Altars:
Ashenzari
Cheibriados
Dithmenos
Elyvilon
Fedhas
Gozag
Hepliaklqana
Kikubaaqudgha
Makhleb
Nemelex Xobeh
Qazlal
Ru
Sif Muna
Trog
Uskayaw
Vehumet
Wu Jian
Xom
Yredelemnul
Zin
The Shining One

Annotations:
D:3 3 runed translucent doors, lunkers's ghost, amateur MDWr


Innate Abilities, Weirdness & Mutations

You are immune to sickness and miasma.
Your stone body is resilient. (AC +8)
You are immune to poison.
You resist negative energy. (rN+)
You are resistant to electric shocks. (rElec)
You are resistant to unholy torment.
You are immune to petrification.


Message History

The boulder beetle completely misses you.
You completely miss the boulder beetle.
The boulder beetle is moderately wounded.
You block the boulder beetle's attack.
You hit the boulder beetle but do no damage.
You drain the boulder beetle.
The boulder beetle is moderately wounded.
The boulder beetle bites you but does no damage.
You hit the boulder beetle. You drain the boulder beetle.
The boulder beetle is moderately wounded.
The boulder beetle bites you.
You hit the boulder beetle but do no damage.
The boulder beetle is moderately wounded.
The boulder beetle leaps!
The boulder beetle curls into a ball and begins rolling!
The cyclops hits you!!
There is an open door here.
The boulder beetle misses you.
The boulder beetle stops rolling and uncurls.
You hit the boulder beetle but do no damage.
You drain the boulder beetle.
The boulder beetle is moderately wounded.
The boulder beetle bites you but does no damage.
You sock the boulder beetle!
The boulder beetle is heavily wounded.
The boulder beetle bites you but does no damage.
The cyclops hits you!!
You sock the boulder beetle!
The boulder beetle is severely wounded.
The boulder beetle bites you but does no damage.
You thump the boulder beetle! You drain the boulder beetle.
The boulder beetle is almost dead.
The cyclops hits you!!
* * * LOW HITPOINT WARNING * * *
The boulder beetle closely misses you.
You hit the boulder beetle. You drain the boulder beetle.
You kill the boulder beetle!
The cyclops hits you!!
You die...
Your body crumbles into a pile of gold.

...§..≈≈§#.# #### ##..#...#
#.≈≈.§≈§.###... ########
..≈..§§....#... #...#...
.≈§.§≈§....#... #...#...
.≈.§§§.....#... #...#...
.≈..§≈._...##.. #...#...
.§§.§≈.....##..### #...#...
.≈≈..≈≈....##..#.## #...#...
..≈§..≈...####(C@$## ##'#####
..≈§..≈≈.....#.#...# #.......
...≈..≈≈.....####'########.......
...≈≈..≈......##.........#.......
...............###.......'.......
..)).#.......... ####....#...[...
###..############################
..#)......#............#.........
..#.......#............'.......<.


You could see a cyclops.

Vanquished Creatures
  A hydra (D:8)
  A two-headed ogre (D:9)
  A boulder beetle (D:9)
  A death knight (D:9)
  An ugly thing (D:8)
  A cyclops (D:9)
  Joseph (D:8)
  Jeremiah (D:7)
  A gargoyle (D:7)
  Maggie (D:8)
  A hornet (D:9)
  Sigmund (D:2)
  A wraith (D:9)
  A wyvern (D:7)
  A warg (D:9)
  2 steam dragons (D:9)
  An acid dragon (D:9)
  Duvessa (D:6)
  4 orc warriors
  2 water moccasins
  4 ice beasts
  2 black bears
  An ogre (D:4)
  2 wolves (D:9)
  5 centaurs
  2 phantoms
  5 bullfrogs
  2 gnoll sergeants
  A kobold brigand (D:8)
  4 scorpions
  4 wights (D:6)
  Dowan (D:6)
  11 killer bees
  6 howler monkeys
  A lava snake (D:9)
  2 bombardier beetles
  2 hounds
  3 jellies
  5 orc priests
  2 gnoll boudas
  2 iguanas
  14 orc wizards
  A sleepcap (D:6)
  6 adders
  11 gnolls
  A river rat (D:3)
  2 ufetubi (D:6)
  10 dart slugs
  2 ribbon worms (D:3)
  33 orcs
  13 ball pythons
  7 bats
  9 endoplasms
  9 giant cockroaches
  5 goblins
  8 hobgoblins
  3 quokkas
  12 frilled lizards
  11 kobolds
  3 rats (D:1)
252 creatures vanquished.

Notes
Turn   | Place    | Note
-------+----------+-------------------------------------------
     0 | D:1      | Dittersdorf the Gargoyle Fighter began the quest for the
                  | Orb.
     0 | D:1      | Reached XP level 1. HP: 14/14 MP: 1/1
   102 | D:1      | Reached XP level 2. HP: 16/19 MP: 2/2
   568 | D:1      | Reached XP level 3. HP: 23/23 MP: 3/3
  1102 | D:2      | You fall into a shaft and drop 1 floor!
  1116 | D:3      | Found a glowing drain.
  1186 | Sewer    | Entered a sewer
  1194 | Sewer    | Reached XP level 4. HP: 24/29 MP: 4/4
  1447 | Sewer    | Noticed a bullfrog
  1467 | Sewer    | Killed a bullfrog
  1468 | Sewer    | Reached XP level 5. HP: 28/34 MP: 3/5
  1506 | Sewer    | Identified the +5 sling "Donem" {drain, rC- Str+2 Int+3}
  1567 | D:3      | Noticed a centaur
  1576 | D:3      | Killed a centaur
  1577 | D:3      | Reached XP level 6. HP: 19/39 MP: 2/6
  2044 | D:2      | Found a glowing golden altar of the Shining One.
  2381 | D:2      | Noticed Sigmund
  2395 | D:2      | Killed Sigmund
  2396 | D:2      | Reached skill level 5 in Fighting
  2396 | D:2      | Reached skill level 5 in Armour
  2396 | D:2      | Reached skill level 5 in Shields
  2396 | D:2      | Reached XP level 7. HP: 37/44 MP: 5/7
  2606 | D:3      | Found a runed translucent gate.
  2607 | D:3      | Found a runed translucent gate.
  2608 | D:3      | Found a runed translucent gate.
  2610 | D:3      | Noticed lunkers's ghost (amateur MDWr)
  4518 | D:4      | Reached XP level 8. HP: 43/51 MP: 8/8
  4629 | D:5      | Entered Level 5 of the Dungeon
  4750 | D:5      | Reached skill level 5 in Maces & Flails
  5156 | D:5      | Found a shadowy altar of Dithmenos.
  5778 | D:6      | Found a white marble altar of Elyvilon.
  5820 | D:6      | Reached XP level 9. HP: 57/57 MP: 9/9
  6953 | D:7      | Noticed Duvessa
  6953 | D:7      | Noticed Dowan
  7229 | D:6      | Killed Duvessa
  7234 | D:6      | Killed Dowan
  7268 | D:7      | Found a staircase to the Ecumenical Temple.
  7277 | Temple   | Entered the Ecumenical Temple
  7281 | Temple   | Became a worshipper of Gozag Ym Sagoz the Greedy
  7302 | D:7      | Noticed Jeremiah
  7320 | D:7      | Killed Jeremiah
  7321 | D:7      | Reached XP level 10. HP: 25/64 MP: 4/10
  7698 | D:8      | Noticed a gargoyle
  7698 | D:8      | Noticed Joseph
  7723 | D:7      | Killed a gargoyle
  7946 | D:8      | Killed Joseph
  8105 | D:8      | Noticed Maggie
  8207 | D:8      | Killed Maggie
  9132 | D:9      | Found a staircase to the Lair.
  9144 | D:9      | Found a staircase to the Orcish Mines.
  9260 | D:9      | Reached XP level 11. HP: 66/72 MP: 11/11
  9593 | D:9      | Noticed a two-headed ogre
  9602 | D:9      | Killed a two-headed ogre
  9660 | D:9      | Found a shimmering blue altar of Sif Muna.
  9693 | D:9      | Reached skill level 10 in Fighting
  9721 | D:9      | Found a stormy altar of Qazlal.
  9906 | D:9      | Reached skill level 10 in Armour
  9973 | D:9      | Noticed a death knight
  9973 | D:9      | Noticed a red ugly thing
  9973 | D:9      | Noticed a cyclops
  9975 | D:9      | Noticed an eight-headed hydra
 10005 | D:8      | Killed a red ugly thing
 10006 | D:8      | Reached skill level 10 in Shields
 10178 | D:8      | Killed an eight-headed hydra
 10390 | D:9      | Killed a death knight
 10396 | D:9      | Killed a cyclops
 10612 | D:9      | Noticed a boulder beetle
 10613 | D:9      | Noticed a cyclops
 10633 | D:9      | Killed a boulder beetle
 10633 | D:9      | Mangled by a cyclops

Illustrated notes

Levels and vault maps discovered:
D:1:      tarquinn_simple_flora_water_b, layout_loops_ring
D:2:      layout_basic, basic_altar, chequers_serial_rivers_micro_a,
          uniq_sigmund
D:3:      layout_basic, ebering_ghost_rock_garden,
          cheibrodos_sewer_entry_sluice, amcnicky_mini_rare_corridor_liquid,
          kennysheep_pointless_box
D:4:      nicolae_cairo_tiling_large, layout_basic
D:5:      layout_basic, old_standard_altar
D:6:      layout_loops_corners, nicolae_elyvilon_peaceful_grove,
          serial_aquarium, aquarium_bridge_straight [aquarium_subvault_bridge,
          aquarium_subvault_wall, aquarium_subvault_bridge,
          aquarium_subvault_window], aquarium_window_corner,
          aquarium_window_fake, aquarium_window_double, aquarium_view_2f,
          aquarium_balcony_double_3, minivault_19, kennysheep_generic_room_14
D:7:      layout_basic, minmay_temple_entry_statues_fountains, uniq_jeremiah,
          uniq_duvessa
D:8:      layout_basic, minmay_bent, uniq_joseph, uniq_maggie
D:9:      minmay_sliced_demisemicircle, layout_grid_maze,
          mainiacjoe_overflow_catch_the_wave, dpeg_oklobed_lair,
          minmay_orc_entry_guard_dogs, minmay_quadrilaterals
Temple:   sentei_temple_godly_chess

Skill      XL: |  1  2  3  4  5  6  7  8  9 10 11 |
---------------+----------------------------------+-----
Armour         | 4 5 6 8 9 10 | 10.3
Fighting       | 4 5 7 8 9 10 | 10.4
Shields        | 4 5 6 8 9 10 | 10.3
Maces & Flails | 3 4 5 7 8 9 |  9.2

Action                     |  1- 3 |  4- 6 |  7- 9 | 10-12 || total
---------------------------+-------+-------+-------+-------++-------
  Melee: Flail             |   109 |   151 |   499 |   400 ||  1159
  Throw: Dart              |       |       |       |     3 ||     3
  Evoke: Wand              |       |       |     1 |       ||     1
    Use: Scroll            |     4 |       |    14 |     5 ||    23
         Potion            |       |       |       |     2 ||     2
   Stab: Distracted        |       |       |       |     2 ||     2
 Armour: Scale mail        |    53 |     7 |   354 |   305 ||   719
         Chain mail        |     3 |   113 |       |       ||   116
  Dodge: Dodged            |    76 |   133 |   343 |   276 ||   828
  Block: Buckler           |    23 |    51 |   116 |   106 ||   296

Table legend: (Time is in decaauts)
 A = Elapsed time spent in this place.
 B = Non-inter-level travel time spent in this place.
 C = Inter-level travel time spent in this place.
 D = Time resting spent in this place.
 E = Time spent auto-exploring this place.
 F = Levels seen in this place.
 G = Mean time per level.
                   A        B        C        D        E       F      G
               +--------+--------+--------+--------+--------+-----+--------+
         Total |  10870 |  10410 |    460 |   1627 |   6092 |  11 |  988.2 |
       Dungeon |  10435 |   9975 |    460 |   1593 |   6000 |   9 | 1159.4 |
        Temple |      8 |      8 |      0 |      0 |      0 |   1 |    8.0 |
         Sewer |    425 |    425 |      0 |     34 |     91 |   1 |  425.0 |
               +--------+--------+--------+--------+--------+-----+--------+

Top non-repeatable levels by time:
     D:6: 1503 daAuts
     D:8: 1486 daAuts
     D:4: 1321 daAuts
     D:9: 1180 daAuts
     D:3: 1177 daAuts
     D:7: 1137 daAuts
     D:2: 1031 daAuts
     D:1: 863 daAuts
     D:5: 735 daAuts
   Sewer: 425 daAuts
  Temple: 8 daAuts
